 Dungeon Crawl Stone Soup version 0.31-a0-355-g57cb03d3e8 (webtiles) character file.

Game seed: 13645380305089245909

40 ytrimaz the Trooper (level 3, -1/30 HPs)
             Began as a Formicid Fighter on July 25, 2023.
             Slain by an orc
             ... wielding a +0 club
              (4 damage)
             ... on level 3 of the Dungeon.
             The game lasted 00:01:15 (1581 turns).

ytrimaz the Trooper (Formicid Fighter)              Turns: 1581, Time: 00:01:16

Health: -1/30      AC:  6    Str: 22    XL:     3   Next: 72%
Magic:  3/3        EV:  9    Int:  7    God:
Gold:   104        SH:  5    Dex: 13    Spells: 2/2 levels left

rFire   . . .        a - +0 war axe
rCold   . . .        c - +0 buckler
rNeg    . . .        b - +0 scale mail
rPois   .            (helmet unavailable)
rElec   .            (no cloak)
rCorr   .            (no gloves)
SInv    +            (no boots)
Will    +....        (no amulet) Stlth
                     j - ring of willpower
HPRegen 0.25/turn    (no ring)
MPRegen 0.08/turn

%: no passive effects
@: no status effects
A: permanent stasis, dig shafts and tunnels, antennae 3, four strong arms
a: Dig, Shaft Self


You were on level 3 of the Dungeon.
You visited 1 branch of the dungeon, and saw 3 of its levels.

You collected 104 gold pieces.


Innate Abilities, Weirdness & Mutations

You cannot be hasted, slowed, berserked, paralysed or teleported.
You can dig through walls and to a lower floor.
You have a pair of large antennae on your head. (SInv)
Your four strong arms can wield two-handed weapons with a shield.


   Skills:
 + Level 4.1 Fighting
 + Level 3.0 Axes
 - Level 3.2 Armour
 - Level 4.0 Shields


You had 2 spell levels left.
You didn't know any spells.
Your spell library contained the following spells:

 Spells                   Type           Power      Damage    Failure   Level
 Slow                     Hex            0%         N/A       83%         1
 Confusing Touch          Hex            0%         N/A       99%         3
 Vampiric Draining        Necr           0%         2d6       99%         3
 Haunt                    Necr/Summ      0%         N/A       100%        7
 Borgnjor's Revivificati  Necr           0%         N/A       100%        8
 Death's Door             Necr           0%         N/A       100%        9

Inventory:

Hand Weapons
 a - a +0 war axe (weapon)
Armour
 b - a +0 scale mail (worn)
 c - a +0 buckler (worn)
Jewellery
 j - a ring of willpower (left hand)
   (You found it on level 1 of the Dungeon)
Scrolls
 k - a scroll of blinking
 l - a scroll of amnesia {unknown}
Potions
 d - 3 potions of might
 f - 2 potions of attraction {unknown}
 g - 2 potions of heal wounds {unknown}
 m - a potion of curing {unknown}
 n - a potion of invisibility {unknown}

Dungeon Overview and Level Annotations

Branches:
Dungeon (3/15) Zot: 16384

Altars:

### ## ...#
>..##. #.#.####
....#.##.#.....
.............. .
.....)......##..
...............
......)o).<.#
......o@....#
......).....#
.........<..# {
...............#
##..#######..#.#
#.# ..... #.
...# . ####


You could see an orc wizard and an orc.


Message History

Unknown command.
As you read the scroll labelled SIBEIG VEFOQUCH, it crumbles to dust.
It is a scroll of identify.
k - a scroll of blinking You start waiting.
Done waiting.
Done exploring.
Done exploring.
There is a stone staircase leading down here.
You climb downwards.
You hear the sound of rushing water.
There is an entrance to a sewer on this level.
Hurry and find it before the portal rusts away!
The orc shouts! x2; The orc wizard shouts! x2
The frilled lizard hisses angrily.
Found a whip.
Found a stone staircase leading up.
There is a stone staircase leading up here.
There are monsters nearby!
There are monsters nearby!
There are monsters nearby!
An orc comes into view. It is wielding a +0 club.
A rat comes into view.
An orc comes into view. It is wielding a +0 flail.
Found a stone staircase leading down.
The orc shouts!
You hit the orc wizard. You closely miss the frilled lizard.
You block the frilled lizard's attack.
The orc wizard hits you with a +0 dagger.
The quokka barely misses you. 😕 HP[-2]
You take 2 damage, and now have 28/30 hp.
You barely miss the orc wizard. You hit the frilled lizard.
You kill the frilled lizard!
You slash the quokka!
You kill the quokka!
You hit the orc but do no damage. The orc hits you but does no damage.
The orc wizard casts a spell at you.
The magic dart hits you but does no damage.
You closely miss the orc wizard. x2; You closely miss the orc.
A ball python comes into view.
The orc hits you with a +0 hand axe.
The orc wizard hits you with a +0 dagger. x2
You block the orc wizard's attack. You block the orc's attack. 😮 HP[-9]
You take 9 damage, and now have 19/30 hp.
MASSIVE DAMAGE!! (PAUSE)
You closely miss the orc wizard. You barely miss the orc.
You closely miss the rat.
The ball python hisses angrily.
You hit the orc but do no damage.
You hit the orc wizard but do no damage.
You block the orc's attack. The rat bites you but does no damage.
The orc hits you with a +0 hand axe.
The orc wizard closely misses you. 😮 HP[-2]
You take 2 damage, and now have 17/30 hp.
You hit the orc wizard but do no damage.
You slash the rat!
You kill the rat!
You barely miss the orc. You closely miss the orc. You hit the orc.
The orc closely misses you.
The orc wizard hits you with a +0 dagger.
* * * LOW HITPOINT WARNING * * *
The orc hits you but does no damage. 😨 HP[-3]
You take 3 damage, and now have 14/30 hp.
You barely miss the orc wizard. You slash the orc wizard! You slash the orc!
You kill the orc!
You closely miss the orc. You hit the orc.
You kill the orc!
The orc wizard gestures wildly while chanting.
The orc wizard flickers and vanishes for a moment.
The orc wizard hits you with a +0 dagger.
* * * LOW HITPOINT WARNING * * *
The orc hits you but does no damage. x2; The orc wizard closely misses you.
The orc wizard hits you but does no damage.
Your Axes skill increases to level 3! 😨 HP[-1]
You take 1 damage, and now have 13/30 hp.
Unknown command.
You closely miss the orc wizard. x2; You slash the orc!
You kill the orc!
You barely miss the orc. You closely miss the ball python.
You block the ball python's attack. The ball python grabs you.
The ball python constricts you.
The orc wizard points at you and mumbles some strange words.
The magic dart hits you!
* * * LOW HITPOINT WARNING * * *
The orc hits you but does no damage. The orc wizard casts a spell at you.
The puff of flame misses you. 😱 HP[-10]
You take 10 damage, and now have 3/30 hp.
MASSIVE DAMAGE!! (PAUSE)
You hit the orc wizard. You closely miss the orc. You hit the ball python.
You kill the ball python!
You hit the orc wizard.
You kill the orc wizard!
The orc wizard barely misses you. You block the orc's attack.
The orc hits you with a +0 club.
You die...

Skill      XL: |  1  2  3 |
---------------+----------+-----
Fighting       | 4 |  4.1
Axes           | 3 |  3.0
Armour         | |  3.2
Shields        | |  4.0

Action                     || total
---------------------------++-------
  Melee: War axe           ||    85
    Use: Scroll            ||     3
 Armour: Scale mail        ||    41
  Dodge: Dodged            ||    39
  Block: Buckler           ||    21

Levels and vault maps discovered:
D:1:      eino_arrival_druids_welcome, layout_basic
D:2:      layout_loops_ring
D:3:      layout_rooms, nemelex_spade_bored_becter,
          nicolae_qazlal_general_emergency, gup_sewer_entry_bubbles,
          serial_shops, nicolae_shop_tiny_real_fake_doors,
          palyth_stone_intersect

Notes
Turn   | Place    | Note
-------+----------+-------------------------------------------
     0 | D:1      | ytrimaz the Formicid Fighter began the quest for the Orb.
     0 | D:1      | Reached XP level 1. HP: 18/18 MP: 1/1
     0 | D:1      | magus.rc [v1.9.6]
   177 | D:1      | You pick up a book of Debilitation and begin reading...
   177 | D:1      | You add the spells Slow, Vampiric Draining and Confusing
                  | Touch to your library.
   214 | D:1      | Reached XP level 2. HP: 24/24 MP: 2/2
  1102 | D:2      | You add the spells Haunt, Borgnjor's Revivification and
                  | Death's Door to your library.
  1122 | D:2      | Reached XP level 3. HP: 25/30 MP: 3/3
  1311 | D:2      | Reached skill level 4 in Fighting
  1580 | D:3      | Reached skill level 3 in Axes
  1580 | D:3      | HP: 3/30 [orc wizard/magic dart (11)]
  1581 | D:3      | Slain by an orc

Vanquished Creatures
  An orc wizard (D:3)
  2 worms (D:2)
  3 orcs (D:3)
  3 ball pythons
  3 bats (D:1)
  3 endoplasms (D:1)
  A giant cockroach (D:2)
  A hobgoblin (D:2)
  2 jackals (D:1)
  4 quokkas
  4 frilled lizards
  2 kobolds (D:2)
  3 rats
32 creatures vanquished.

Table legend:
 A = Non-vault XP
 B = Vault XP
 C = Vault XP percentage of total XP
 D = Non-vault monster count
 E = Vault monster count
 F = Vault count percentage of total count
                 A         B        C        D         E       F
            +---------+---------+-------+---------+---------+-------
      Total |      96 |       0 |   0.0 |      32 |       0 |   0.0
            +---------+---------+-------+---------+---------+-------
        D:1 |      18 |       0 |   0.0 |      11 |       0 |   0.0
        D:2 |      27 |       0 |   0.0 |      13 |       0 |   0.0
        D:3 |      51 |       0 |   0.0 |       8 |       0 |   0.0
            +---------+---------+-------+---------+---------+-------

Skill      XL: |  1  2  3 |
---------------+----------+-----
Fighting       | 4 |  4.1
Axes           | 3 |  3.0
Armour         | |  3.2
Shields        | |  4.0

Action                     || total
---------------------------++-------
  Melee: War axe           ||    85
    Use: Scroll            ||     3
 Armour: Scale mail        ||    41
  Dodge: Dodged            ||    39
  Block: Buckler           ||    21

Illustrated notes

Table legend:
 A = Kills in this place as a percentage of kills in the entire game.
 B = Kills by you in this place as a percentage of kills by you in the entire game.
 C = Kills by friends in this place as a percentage of kills by friends in the entire game.
 D = Other kills in this place as a percentage of other kills in the entire game.
 E = Experience gained in this place as a percentage of experience gained in the entire game.
 F = Experience gained in this place divided by the number of levels of this place that you have seen.
                   A       B       C       D       E      F
               +-------+-------+-------+-------+-------+----------------------
         Total | 100.0 | 100.0 |   N/A |   N/A | 100.0 |  32.0
       Dungeon | 100.0 | 100.0 |   N/A |   N/A | 100.0 |  32.0
               +-------+-------+-------+-------+-------+----------------------

Table legend: (Time is in decaauts)
 A = Elapsed time spent in this place.
 B = Non-inter-level travel time spent in this place.
 C = Inter-level travel time spent in this place.
 D = Time resting spent in this place.
 E = Time spent auto-exploring this place.
 F = Levels seen in this place.
 G = Mean time per level.
                   A        B        C        D        E       F      G
               +--------+--------+--------+--------+--------+-----+--------+
         Total |   1613 |   1575 |     38 |    100 |   1251 |   3 |  537.7 |
       Dungeon |   1613 |   1575 |     38 |    100 |   1251 |   3 |  537.7 |
               +--------+--------+--------+--------+--------+-----+--------+

Top non-repeatable levels by time:
     D:1: 837 daAuts
     D:2: 763 daAuts
     D:3: 12 daAuts
